 Dungeon Crawl Stone Soup version 0.31.0-12-g77e489cdc1 (webtiles) character file.

Game seed: 12577474861406765907

162 lordive the Ruffian (level 5, -8/33 HPs)
             Began as an Octopode Shapeshifter on Feb 29, 2024.
             Killed by divine providence
             ... invoked by an orc priest
              (11 damage)
             ... on level 4 of the Dungeon.
             The game lasted 00:03:45 (2156 turns).

lordive the Ruffian (Octopode Shapeshifter)         Turns: 2156, Time: 00:03:46

Health: -8/33      AC:  1    Str: 14    XL:     5   Next: 43%
Magic:  14/14      EV: 13    Int: 12    God:
Gold:   150        SH:  0    Dex: 13    Spells: 4/4 levels left

rFire   . .          .
                       - Unarmed
rCold   . . .        (no shield)
rNeg    . . .        (helmet currently unavailable)
rPois   .            (no amulet)
rElec   .            e - ring of wizardry
rCorr   .            h - ring of magical power
SInv    .            (no ring)
Will    .....        (no ring)
Stlth   +++          (no ring)
HPRegen 0.25/turn    (no ring)
MPRegen 0.14/turn    (no ring)
                     (no ring)

%: wizardry (x1)
@: beast-form
A: beast (slay +2), almost no armour, amphibious, 8 rings, camouflage 1,
gelatinous body 1, (nimble swimmer 1), tentacles
a: Begin Untransformation


You were on level 4 of the Dungeon.
You were a hulking beast.
You visited 1 branch of the dungeon, and saw 4 of its levels.

You collected 150 gold pieces.

Inventory:

Jewellery
 e - a ring of wizardry (left tentacle)
 h - a ring of magical power (right tentacle)
Talismans
 b - a beast talisman
 c - a flux talisman
 l - a serpent talisman
Wands
 q - a wand of flame (18)
Scrolls
 d - a scroll of noise {unknown}
 f - 3 scrolls of vulnerability {unknown}
 j - 3 scrolls of teleportation {unknown}
 k - a scroll of fear {unknown}
 p - 2 scrolls of identify {unknown}
Potions
 a - a potion of lignification
 g - a potion of might {unknown}
 i - a potion of haste {unknown}
 m - a potion of enlightenment {unknown}
 n - a potion of degeneration {unknown}
 o - a potion of ambrosia {unknown}
 r - a potion of brilliance {unknown}


   Skills:
 + Level 1.0 Fighting
 + Level 2.2 Dodging
 + Level 3.0 Stealth
 + Level 4.5 Unarmed Combat
 * Level 3.8 Shapeshifting


You had 4 spell levels left.
You didn't know any spells.
Your spell library was empty.

Dungeon Overview and Level Annotations

Branches:
Dungeon (4/15)
 Temple: D:4-7

Altars:
Ashenzari
Cheibriados
Vehumet

Shops:
D:2 (


Innate Abilities, Weirdness & Mutations

You are a hulking beast.
Your limbs bulge with bestial killing power. (Slay +2)
You cannot wear most types of armour.
You are amphibious.
You can wear up to eight rings at the same time.
Your skin changes colour to match your surroundings (Stealth+).
Your rubbery body absorbs attacks. (AC +1, EV +1)
((You are camouflaged when in or above water. (Stealth+)))
You have tentacles for arms and can constrict up to eight enemies at once.


Message History

A dart slug and an orc priest come into view.
Found a ring of wizardry.
The helpless kobold fails to defend itself.
You tentacle-slap the kobold.
You kill the kobold!
A black bear comes into view.
There is a stone staircase leading up here.
The helpless orc fails to defend itself.
You bludgeon the orc!
You kill the orc!
The orc shouts!
The orc priest shouts!
The black bear growls angrily.
You tentacle-slap the dart slug. You grab the dart slug.
The dart slug is heavily wounded.
You constrict the dart slug. The orc barely misses you.
You tentacle-slap the dart slug.
The dart slug is severely wounded.
You constrict the dart slug.
You kill the dart slug!
The orc priest invokes the aid of Beogh against you.
Beogh smites you!
You completely miss the orc. You grab the orc. You constrict the orc.
The orc barely misses you.
You tentacle-slap the orc but do no damage.
The orc is moderately wounded.
You constrict the orc. The orc hits you with a +0 falchion!
The orc priest closely misses you.
You are too injured to fight recklessly!
You are too injured to fight recklessly!
You release your grip on the orc.
The orc hits you with a +0 falchion.
There is a stone staircase leading up here.
The black bear attacks as it pursues you!
The black bear misses you. The black bear claws you. x2
* * * LOW HITPOINT WARNING * * *
The black bear attacks as it pursues you!
The black bear closely misses you. The black bear claws you.
* * * LOW HITPOINT WARNING * * *
The black bear closely misses you.
The orc priest calls down the wrath of Beogh upon you.
Beogh smites you!
You die...

.##.#.# #
.....######.# #
#.........#.# #.#.
#.###....#
...#..†...########
#.#.>..........[#
### #..##...######.#
..# ##.##...# #.# #.
#.###hh##...# #.#
#...###.#........#
#.#
#.....oo.#.##.....
#.#
......)..#)#.##.###.
#.# .............##.
. #.#
.##..........##. #
#.# #=....##.### #.#
#..#####.. #.# #..
#.#. #.#


You could see a black bear, an orc priest and an orc.

Vanquished Creatures
  An iguana (D:4)
  An orc wizard (D:3)
  3 adders
  2 ribbon worms (D:3)
  4 dart slugs
  6 orcs
  7 endoplasms
  A giant cockroach (D:1)
  2 goblins
  A hobgoblin (D:1)
  6 jackals
  3 quokkas
  4 ball pythons
  5 bats
  5 frilled lizards
  9 kobolds
  6 rats
66 creatures vanquished.

Notes
Turn   | Place    | Note
-------+----------+-------------------------------------------
     0 | D:1      | lordive the Octopode Shapeshifter began the quest for the
                  | Orb.
     0 | D:1      | Reached XP level 1. HP: 13/13 MP: 1/1
   152 | D:1      | Reached XP level 2. HP: 18/18 MP: 2/2
   275 | D:1      | Reached XP level 3. HP: 23/23 MP: 3/3
   758 | D:2      | Found Fyxassiy's Antique Weapon Boutique.
   860 | D:2      | Reached skill level 4 in Unarmed Combat
  1055 | D:2      | Reached skill level 1 in Stealth
  1055 | D:2      | Reached XP level 4. HP: 28/28 MP: 4/4
  1415 | D:3      | Found a radiant altar of Vehumet.
  1468 | D:3      | Identified the +7 falchion "Kog Quru" {antimagic, Int+2
                  | Dex+3}
  1658 | D:3      | Found a broken altar of Ashenzari.
  1695 | D:3      | Reached XP level 5. HP: 28/33 MP: 5/5
  1975 | D:3      | Found a snail-covered altar of Cheibriados.
  2019 | D:3      | Found a faded altar of an unknown god.
  2144 | D:4      | Noticed a black bear
  2156 | D:4      | Killed from afar by an orc priest

Illustrated notes

Levels and vault maps discovered:
D:1:      minmay_arrival_solitary_statue, layout_basic
D:2:      layout_basic, serial_shops, shop
D:3:      layout_basic, slow_altar_2, vehumet_altar_wand_db,
          mainiacjoe_overflow_paths, shapermc_ecumenical_altar_petra
D:4:      layout_loops_ring, serial_shops, shop, minmay_misc_feat_columns

Skill      XL: |  1  2  3  4  5 |
---------------+----------------+-----
Unarmed Combat | 4 |  4.5
Stealth        | 1 2 3 |  3.0
Fighting       | |  1.0
Dodging        | |  2.2
Shapeshifting  | |  3.8

Action                     |  1- 3 |  4- 6 || total
---------------------------+-------+-------++-------
  Melee: Unarmed           |    68 |    56 ||   124
         Constrict         |    20 |    15 ||    35
         Tentacles         |    11 |     5 ||    16
         Punch             |     2 |     3 ||     5
   Stab: Sleeping          |     6 |     8 ||    14
 Armour: Skin              |    18 |    14 ||    32
  Dodge: Dodged            |    35 |    26 ||    61
